 Dungeon Crawl Stone Soup version 0.17.1-3-g152610e (webtiles) character file.

39 LonesomeOreo the Stinger (level 3, -2/24 HPs)
             Began as a Demonspawn Venom Mage on Mar 14, 2016.
             Slain by an orc
             ... wielding a +0 morningstar
              (8 damage)
             ... on level 3 of the Dungeon.
             The game lasted 00:22:49 (922 turns).

LonesomeOreo the Stinger (Demonspawn Venom Mage)     Turns: 922, Time: 00:22:49

Health: -2/24      AC:  3    Str:  8    XL:     3   Next: 26%
Magic:  6/6        EV: 12    Int: 17    God:
Gold:   113        SH:  0    Dex: 13    Spells: 1 memorised, 5 levels left

rFire  x . .     SeeInvis .     q - +0 rapier
rCold  + . .     Clarity  .     a - +0 robe
rNeg   . . .     SustAt   .     (no shield)
rPois  .         Gourm    .     (no helmet)
rElec  .         Spirit   .     (no cloak)
rCorr  .         Warding  .     e - +0 pair of gloves
rMut   .         Stasis   .     (no boots)
MR     .....                    (no amulet)
Stlth  ++........               (no ring)
                                g - ring of ice

@: not resistant to hostile enchantments, unstealthy
A: hooves 1, powered by death 1
a: no special abilities


You were on level 3 of the Dungeon.
You were very full.

You visited 1 branch of the dungeon, and saw 3 of its levels.

You collected 113 gold pieces.

Inventory:

Hand Weapons
 h - a +0 spear
 i - a +0 dagger
 n - a +0 club
 o - a +0 dagger
 q - a +0 rapier (weapon)
 r - a +0 whip
Missiles
 d - 49 stones (quivered)
 f - 34 bolts
Armour
 a - a +0 robe (worn)
 e - a +0 pair of gloves (worn)
 p - a +0 leather armour
Jewellery
 g - a ring of ice (left hand)
Potions
 k - a potion of heal wounds
 m - a potion of ambrosia
 s - a potion of curing
Books
 b - a Young Poisoner's Handbook

   Spells                             Type                      Level
   a - Sting                          Conjuration/Poison           1
   b - Cure Poison                    Poison                       2
   c - Mephitic Cloud                 Conjuration/Poison/Air       3
   d - Olgreb's Toxic Radiance        Poison                       4
   e - Venom Bolt                     Conjuration/Poison           5
Comestibles
 c - a bread ration
 j - a beef jerky
 l - a meat ration


   Skills:
 + Level 2.0 Dodging
 + Level 1.8 Stealth
 + Level 2.1 Spellcasting
 + Level 0.6 Conjurations
 + Level 4.8 Poison Magic


You had 5 spell levels left.
You knew the following spells:

 Your Spells              Type           Power        Failure   Level  Hunger
a - Sting                 Conj/Pois      ##..         10%         1    #......


Dungeon Overview and Level Annotations

Branches:
Dungeon (3/15)

Altars:


Innate Abilities, Weirdness & Mutations

You have large cloven feet.
You regenerate a little health from kills.


Message History

You closely miss the giant newt.
You kick the giant newt, but do no damage.
The giant newt is severely wounded.
The orc closely misses you. The orc hits you with a morningstar.
The giant newt bites you.
You closely miss the giant newt.
You kick the giant newt, but do no damage.
The giant newt is moderately wounded.
The orc hits you but does no damage. The orc hits you with a morningstar!
The giant newt bites you.
You closely miss the giant newt. Your kick misses the giant newt.
The giant newt is moderately wounded.
The orc barely misses you. The orc hits you with a morningstar.
* * * LOW HITPOINT WARNING * * *
The giant newt barely misses you. The giant newt bites you.
* * * LOW HITPOINT WARNING * * *
The orc hits you with a morningstar.
* * * LOW HITPOINT WARNING * * *
The orc closely misses you. The orc hits you with a morningstar!
You die...

#.##..........# #.......#...
#.##..........# #.........##
#.##..........###...........
............................
............................
..##..........##............
#.##..........(+............
#.##..........##............
#.##..........##@o..........
..##...>......##.ol.........
..##..........####.#'##+#....
..##..........# #.#.# .#..
...#########'## #.#(# #...#
#### #.#####<#l##.....# ###
#.......#.o.8?...# ..#
#######.###....... ..# #.#
...>.8.


You could see 2 orcs and a giant newt.

Vanquished Creatures
  2 adders
  An ooze (D:2)
  A worm (D:2)
  An orc (D:3)
  2 giant cockroaches
  A goblin (D:1)
  4 hobgoblins
  A rat (D:2)
13 creatures vanquished.

Notes
Turn   | Place    | Note
--------------------------------------------------------------
     0 | D:1      | LonesomeOreo the Demonspawn Venom Mage began the quest for the Orb.
     0 | D:1      | Reached XP level 1. HP: 13/13 MP: 3/3
   395 | D:2      | Gained mutation: You have large cloven feet. [demonic ancestry]
   395 | D:2      | Reached XP level 2. HP: 10/19 MP: 1/5
   693 | D:3      | Gained mutation: You regenerate a little health from kills. [demonic ancestry]
   693 | D:3      | Reached XP level 3. HP: 24/24 MP: 1/6
   922 | D:3      | Slain by an orc

Action                   || total
-------------------------++-------
Melee: Dagger            ||     8
       Spear             ||    16
       Rapier            ||    19
 Cast: Sting             ||    23
  Use: Potion            ||     4
       Scroll            ||     1
  Eat: Bread ration      ||     1
       Royal jelly       ||     1
